 Dungeon Crawl Stone Soup version 0.24.0-1-gfbc8707122 (webtiles) character file.

Game seed: 13147006200620041820, levelgen mode: deterministic

110562 Thantalas the Cleaver (level 17, -11/138 HPs)
             Began as a Formicid Fighter on Oct 27, 2019.
             Was the Champion of Okawaru.
             Mangled by a freezing wraith (15 damage)
             ... led by a death knight
             ... on level 13 of the Dungeon on Oct 28, 2019.
             The game lasted 01:15:30 (24036 turns).

Thantalas the Cleaver (Formicid Fighter)           Turns: 24036, Time: 01:15:30

Health: -11/138    AC: 21    Str: 27    XL:     17   Next: 10%
Magic:  0/25       EV: 10    Int: 13    God:    Okawaru [******]
Gold:   1184       SH: 13    Dex: 10    Spells: 14/26 levels left

rFire    . . .     SeeInvis +   b - +11 morningstar of Law {drain, +Fly rElec}
rCold    . . .     Gourm    .   L - +1 shield
rNeg     + . .     Faith    .   p - +4 ring mail {rN+}
rPois    +         Spirit   +   (helmet unavailable)
rElec    +         Reflect  .   m - +2 cloak {rPois}
rCorr    .         Harm     .   k - +0 pair of gloves
MR       .....                  E - +2 pair of boots of Jeduteul {rElec Int+4}
Stlth    ..........             C - amulet of guardian spirit
HPRegen  0.33/turn              y - ring of poison resistance
MPRegen  0.19/turn              P - ring of wizardry

@: vulnerable
A: permanent stasis, dig shafts and tunnels, four strong arms, antennae 3
a: Dig, Shaft Self, Heroism, Finesse, Renounce Religion, Evoke Flight


You were on level 13 of the Dungeon.
You worshipped Okawaru.
Okawaru was exalted by your worship.
You were not hungry.

You visited 4 branches of the dungeon, and saw 23 of its levels.
You also visited: Gauntlet.

You collected 1985 gold pieces.
You spent 801 gold pieces at shops.

Inventory:

Hand Weapons
 a - a +3 battleaxe
   (You took it off a death knight on level 11 of the Dungeon)
 b - the +11 morningstar of Law (weapon) {drain, +Fly rElec}
   (You found it on level 2 of the Lair of Beasts)

   A truly terrible weapon, it drains the life of those it strikes.
   It insulates you from electricity.
   It lets you fly.
Missiles
 i - 21 javelins (quivered)
 B - 3 throwing nets {!f}
Armour
 k - a +0 pair of gloves (worn)
   (You found it on level 3 of the Dungeon)
 m - a +2 cloak of poison resistance (worn)
   (Okawaru gifted it to you on level 2 of the Orcish Mines)
 p - a +4 ring mail of positive energy (worn)
   (Okawaru gifted it to you on level 6 of the Lair of Beasts)
 t - a +2 cloak of magic resistance
   (You found it in a Gauntlet)
 E - the +2 pair of boots of Jeduteul (worn) {rElec Int+4}
   (You found it on level 9 of the Dungeon)

   It affects your intelligence (+4).
   It insulates you from electricity.
 L - a +1 shield (worn)
Jewellery
 h - the ring of Jeoruy {rF+ rC- rCorr Str+10}
   (You found it in a Gauntlet)

   [ring of resist corrosion]

   It affects your strength (+10).
   It protects you from fire.
   It makes you vulnerable to cold.
   It provides partial protection from all sources of acid and corrosion.
 y - a ring of poison resistance (left hand)
   (You found it on level 1 of the Dungeon)
 C - an amulet of guardian spirit (around neck)
   (You took it off an orc priest on level 7 of the Dungeon)
 P - a ring of wizardry (right hand)
   (You found it on level 3 of the Lair of Beasts)
Wands
 c - a wand of disintegration (4)
   (You found it on level 2 of the Lair of Beasts)
 d - a wand of clouds (4)
   (You found it on level 13 of the Dungeon)
 u - a wand of paralysis (19)
   (You found it on level 11 of the Dungeon)
 x - a wand of acid (23)
   (You found it on level 5 of the Dungeon)
Scrolls
 g - a scroll of identify {@r1}
 j - 6 scrolls of remove curse {@r2}
 v - 5 scrolls of enchant weapon
 N - a scroll of magic mapping
 R - a scroll of amnesia
Potions
 e - 2 potions of mutation {!q}
 l - 3 potions of brilliance
 o - 2 potions of flight
 q - 3 potions of heal wounds {@q2}
 s - 4 potions of magic
 w - 2 potions of cancellation
 H - a potion of ambrosia
 I - 5 potions of curing {@q1}
Miscellaneous
 K - a lamp of fire
   (You found it on level 2 of the Lair of Beasts)
Comestibles
 f - 38 rations {!d}


   Skills:
 + Level 13.8 Fighting
 + Level 13.9 Axes
 + Level 13.8 Armour
 - Level 9.0 Shields
 - Level 5.0 Spellcasting
 + Level 1.9 Conjurations
 - Level 3.0 Charms
 + Level 6.1 Necromancy
 + Level 1.5 Air Magic
 - Level 7.0 Earth Magic
 + Level 2.7 Poison Magic
 - Level 11.0 Invocations
 - Level 7.0 Evocations


You had 14 spell levels left.
You knew the following spells:

 Your Spells              Type           Power        Failure   Level  Hunger
g - Apportation           Tloc           #.....       10%         1    None
A - Borgnjor's Vile Clut  Necr/Erth      ###.......   19%         5    ######.
B - Mephitic Cloud        Conj/Pois/Air  #.......     12%         3    ###....
K - Regeneration          Chrm/Necr      ###.......   4%          3    ###....

Your spell library contained the following spells:

 Spells                   Type           Power        Failure   Level  Hunger
 Animate Skeleton         Necr           N/A          1%          1    None
 Pain                     Necr           ###.         1%          1    None
 Corpse Rot               Necr           N/A          1%          2    ##.....
 Infusion                 Chrm           ##..         2%          1    None
 Vampiric Draining        Necr           ###.......   2%          3    ###....
 Magic Dart               Conj           #...         4%          1    None
 Shock                    Conj/Air       #...         4%          1    None
 Song of Slaying          Chrm           ##......     4%          2    ##.....
 Stone Arrow              Conj/Erth      ##....       4%          3    ###....
 Poisonous Vapours        Pois/Air       #.....       6%          2    ##.....
 Swiftness                Chrm/Air       #.......     6%          2    ##.....
 Searing Ray              Conj           #.....       7%          2    ##.....
 Shroud of Golubria       Chrm/Tloc      #.....       9%          2    ##.....
 Animate Dead             Necr           N/A          9%          4    ####...
 Freeze                   Ice            #...         10%         1    None
 Summon Butterflies       Summ           #.......     10%         1    None
 Throw Frost              Conj/Ice       #.....       11%         2    ##.....
 Static Discharge         Conj/Air       #.......     14%         3    ###....
 Ozocubu's Armour         Chrm/Ice       #.......     16%         3    ###....
 Spectral Weapon          Hex/Chrm       #.......     16%         3    ###....
 Conjure Flame            Conj/Fire      #.......     21%         3    ###....
 Dazzling Spray           Conj/Hex       #.....       21%         3    ###....
 Leda's Liquefaction      Hex/Erth       ##........   22%         4    ####...
 Lesser Beckoning         Tloc           #.........   28%         3    ###....
 Recall                   Summ/Tloc      N/A          28%         3    ###....
 Tukima's Dance           Hex            #.......     28%         3    ###....
 Iskenderun's Mystic Bla  Conj           #.......     38%         4    ####...
 Airstrike                Air            #.........   45%         4    ####...
 Force Lance              Conj/Tloc      #.......     52%         4    ####...
 Fulminant Prism          Conj/Hex       #.........   52%         4    ####...
 Throw Icicle             Conj/Ice       #.......     52%         4    ####...
 Summon Ice Beast         Ice/Summ       #.......     65%         4    ####...
 Death Channel            Necr           ###.......   73%         6    #######
 Lightning Bolt           Conj/Air       #.........   75%         5    ######.
 Alistair's Intoxication  Tmut/Pois      #.......     80%         5    ######.
 Summon Forest            Summ/Tloc      #.........   92%         5    ######.
 Simulacrum               Ice/Necr       ##........   98%         6    #######
 Freezing Cloud           Conj/Ice/Air   #.........   100%        6    #######
 Hydra Form               Tmut           #.........   100%        6    #######
 Invisibility             Hex            #.......     100%        6    #######
 Ring of Flames           Chrm/Fire      #.........   100%        7    #######
 Summon Hydra             Summ           #.........   100%        7    #######


Dungeon Overview and Level Annotations

Branches:
Dungeon (14/15)            Temple (1/1) D:7            Lair (6/6) D:11
  Swamp (0/4) Lair:3        Snake (0/4) Lair:3        Slime (0/5) Lair:5
    Orc (2/2) D:9             Elf (0/3) Orc:2        Vaults (0/5) D:13
Gauntlet (visited)

Altars:
Ashenzari
Cheibriados
Dithmenos
Elyvilon
Fedhas
Gozag
Hepliaklqana
Kikubaaqudgha
Makhleb
Nemelex Xobeh
Okawaru
Qazlal
Ru
Sif Muna
Trog
Uskayaw
Vehumet
Wu Jian
Xom
Yredelemnul
Zin
The Shining One

Shops:
D:9 [   D:12 ?*?   Orc:1 [   Orc:2 !}?[

Portals:
Pandemonium: Orc:2

Annotations:
D:11 2 transporters, stripedtigrrr's ghost, journeyman MiBe
Lair:1 1 runed translucent door, TimelessDreamer's ghost, journeyman HuWn


Innate Abilities, Weirdness & Mutations

You cannot be hasted, slowed, berserked, paralysed or teleported.
You can dig through walls and to a lower floor.
Your four strong arms can wield two-handed weapons with a shield.
You have a pair of large antennae on your head. (SInv)


Message History

The zombie hands release their grip on the death knight.
You block the death knight's attack.
The death knight reflects your damage back at you!
* * * LOW HITPOINT WARNING * * *
The freezing wraith hits you but does no damage.
You block the freezing wraith's attack.
y - a ring of poison resistance (left hand)
The zombie hands constrict the centaur warrior.
The centaur warrior hits you.
* * * LOW HITPOINT WARNING * * *
Your magical contamination has completely faded away.
You feel much better.
The zombie hands constrict the centaur warrior!
The zombie hands release their grip on the centaur warrior.
The death knight's dark mirror aura disappears.
You block the centaur warrior's attack. The freezing wraith closely misses you.
You block the freezing wraith's attack.
The death knight invokes the aid of Yredelemnul against you.
Your body is wracked with pain!
* * * LOW HITPOINT WARNING * * *
The centaur warrior hits you but does no damage.
You feel much better.
The freezing wraith hits you but does no damage.
You block the freezing wraith's attack.
The centaur warrior hits you but does no damage.
The death knight hits you with a +0 battleaxe!!
* * * LOW HITPOINT WARNING * * *
You don't have enough magic at the moment.
You hit the freezing wraith but do no damage.
The centaur warrior hits you but does no damage.
You block the freezing wraith's attack. x2; The centaur warrior hits you.
* * * LOW HITPOINT WARNING * * *
You block the death knight's attack.
You barely miss the freezing wraith. You block the centaur warrior's attack.
The freezing wraith barely misses you.
The freezing wraith hits you but does no damage.
You barely miss the freezing wraith. You block the centaur warrior's attack.
The death knight hits you with a +0 battleaxe.
* * * LOW HITPOINT WARNING * * *
The freezing wraith hits you but does no damage.
The freezing wraith hits you.
* * * LOW HITPOINT WARNING * * *
The freezing wraith drains your vigour!
Your stasis prevents you from being slowed.
The centaur warrior hits you but does no damage.
You impale the freezing wraith!! You block the centaur warrior's attack.
The freezing wraith hits you!
* * * LOW HITPOINT WARNING * * *
The freezing wraith freezes you!
You die...

####.# #.........# #.. .....#
#..######.###.# .##### #..#
#......# .# #########..#
#..###.# .# #.......#..#####..#
#.# .# ### ##.......#.....##..#
#..
.###.#####.........<..#.##..#
###
....#...........pc#...#.##..# #
.###.#####(.....@.#.........# #
.# ### #.....W..#.........# .#
#........#.###.##### .#
#.###.####.# #.# .#
#######.###.####.###.####### .#
#.......##.................#
.###.#####..........###.#####.#
.....# #<########## #.# #.#
####.# #.# #.# #.#


You could see a death knight, a centaur warrior and a freezing wraith.

Vanquished Creatures
  Rupert (Lair:3)
  A minotaur (Gauntlet)
  A dire elephant (Lair:4)
  Josephine (D:10)
  2 vault guards (D:13)
  A fire dragon (Lair:6)
  A centaur warrior (D:13)
  7 hydras
  2 two-headed ogres
  3 death knights
  A tengu warrior (D:13)
  5 orc high priests (Orc:2)
  A deep elf knight (D:13)
  An unseen horror (shapeshifter) (D:5)
  2 skeletal warriors (D:12)
  An unseen horror (D:12)
  A phantasmal warrior (D:14)
  10 orc knights
  A lindwurm (Lair:6)
  2 torturous demonspawn (Orc:2)
  Pikel (D:7)
  A necromancer (Gauntlet)
  8 orc sorcerers
  2 ugly things (D:12)
  A manticore (D:12)
  3 cyclopes
  2 centaur zombies
  5 black mambas
  25 elephants
  2 molten gargoyles (Lair:6)
  2 smoke demons (Orc:2)
  A gargoyle (D:12)
  8 spiny frogs
  3 rime drakes
  A freezing wraith (D:12)
  7 komodo dragons
  A tyrant leech (Gauntlet)
  A tengu conjurer (D:13)
  7 trolls
  3 polar bears
  13 blink frogs
  8 hippogriffs
  3 slime creatures (D:13)
  2 shadows
  5 wraiths
  A spriggan (Lair:4)
  4 wyverns (Lair:6)
  37 yaks
  A golden eye (shapeshifter) (D:4)
  7 basilisks
  2 humans (D:13)
  9 vampire mosquitoes
  2 steam dragons (Lair:6)
  2 hungry ghosts
  Edmund (D:4)
  5 swamp worms (Gauntlet)
  A warg (Orc:2)
  2 nagas (Lair:3)
  An acid dragon (D:13)
  Duvessa (D:5)
  3 hell hounds (Lair:6)
  5 porcupines
  11 water moccasins
  34 orc warriors
  Purgy (D:3)
  3 phantoms
  2 sky beasts
  2 ice beasts
  7 black bears
  An eye of draining (D:10)
  2 necrophages
  15 wolves
  7 centaurs
  11 ogres
  12 crocodiles
  18 bullfrogs
  4 big kobolds
  A gnoll sergeant (D:7)
  3 wyvern zombies
  7 scorpions
  Dowan (D:5)
  11 killer bees
  2 electric eels
  2 howler monkeys (D:8)
  5 crimson imps
  A bullfrog zombie (D:8)
  3 lava snakes (Lair:6)
  7 orc wizards
  A quasit (D:12)
  5 jellies
  5 hounds
  16 orc priests
  Crazy Yiuf (D:3)
  Terence (D:2)
  3 iguanas
  6 worker ants
  A killer bee zombie (D:7)
  2 hound skeletons
  2 worker ant zombies
  Robin (D:3)
  14 gnolls
  16 adders
  2 shadow imps
  An ooze (D:4)
  An adder zombie (D:9)
  3 worms
  3 dart slugs
  6 leopard geckos
  49 orcs
  4 bats
  3 giant cockroaches
  12 goblins
  10 hobgoblins
  17 jackals
  19 kobolds
  6 quokkas
  5 frilled lizards
  A leopard gecko skeleton (D:4)
  2 quokka skeletons
  A quokka zombie (D:7)
  9 rats
  A fungus (Lair:1)
646 creatures vanquished.

Vanquished Creatures (collateral kills)
  Harold (D:7)
  An orc wizard (D:7)
2 creatures vanquished.

Vanquished Creatures (others)
  A vampire (D:13)
  An orc warrior (Orc:2)
  A human (D:4)
  An orc wizard (Orc:2)
  A bush (Lair:6)
  35 fungi
  7 plants
  14 withered plants (Gauntlet)
61 creatures vanquished.

Grand Total: 709 creatures vanquished

Notes
Turn   | Place    | Note
-------+----------+-------------------------------------------
     0 | D:1      | Thantalas the Formicid Fighter began the quest for the Orb.
     0 | D:1      | Reached XP level 1. HP: 18/18 MP: 1/1
    26 | D:1      | Reached XP level 2. HP: 21/24 MP: 2/2
   716 | D:2      | Reached XP level 3. HP: 29/29 MP: 3/3
  1157 | D:2      | Found a blossoming altar of Fedhas.
  1157 | D:2      | Noticed Terence
  1165 | D:2      | Killed Terence
  1165 | D:2      | Reached XP level 4. HP: 37/37 MP: 4/4
  1494 | D:3      | Noticed Purgy
  1504 | D:3      | Killed Purgy
  1504 | D:3      | Reached XP level 5. HP: 19/43 MP: 5/5
  1789 | D:3      | Noticed a +0 dagger
  1789 | D:3      | Noticed a +0 dagger
  1809 | D:3      | Reached XP level 6. HP: 12/49 MP: 6/6
  1838 | D:3      | Found a hide-covered altar of Uskayaw.
  2044 | D:3      | Reached skill level 5 in Shields
  2150 | D:3      | Noticed Robin
  2159 | D:3      | Killed Robin
  2306 | D:3      | Found a runed translucent door.
  2307 | D:3      | Noticed Crazy Yiuf
  2522 | D:3      | Killed Crazy Yiuf
  2637 | D:4      | Found an ancient bone altar of Kikubaaqudgha.
  2638 | D:4      | Noticed a human
  2641 | D:4      | Killed a human
  2653 | D:4      | Noticed Edmund
  2653 | D:4      | Noticed an ogre
  2664 | D:4      | Killed an ogre
  2664 | D:4      | Reached XP level 7. HP: 41/55 MP: 7/7
  2671 | D:4      | Killed Edmund
  2671 | D:4      | Reached skill level 5 in Fighting
  2671 | D:4      | Reached skill level 5 in Armour
  3176 | D:4      | Noticed a shapeshifter
  3176 | D:4      | an adder changed into a shapeshifter
  3176 | D:4      | Noticed a golden eye
  3176 | D:4      | a shapeshifter changed into a golden eye
  3188 | D:4      | Killed a golden eye
  3326 | D:4      | Reached XP level 8. HP: 32/64 MP: 8/8
  3786 | D:5      | Entered Level 5 of the Dungeon
  3786 | D:5      | Found a bloodstained altar of Trog.
  3787 | D:5      | Found a burning altar of Makhleb.
  3787 | D:5      | Found a shadowy altar of Dithmenos.
  3787 | D:5      | Found a white marble altar of Elyvilon.
  3948 | D:5      | Reached skill level 5 in Axes
  4038 | D:5      | Noticed Dowan
  4038 | D:5      | Noticed Duvessa
  4055 | D:5      | Killed Dowan
  4082 | D:5      | Killed Duvessa
  4223 | D:5      | Noticed a shapeshifter
  4223 | D:5      | an orc changed into a shapeshifter
  4223 | D:5      | Noticed a spiny frog
  4223 | D:5      | a shapeshifter changed into a spiny frog
  4227 | D:5      | Noticed a harpy
  4227 | D:5      | a spiny frog changed into a harpy
  4233 | D:5      | Noticed a shapeshifter
  4233 | D:5      | a harpy changed into a shapeshifter
  4233 | D:5      | a shapeshifter changed into a soldier ant
  4235 | D:5      | Noticed an unseen horror
  4235 | D:5      | a soldier ant changed into an unseen horror
  4244 | D:5      | Killed an unseen horror
  4244 | D:5      | Reached XP level 9. HP: 71/72 MP: 9/9
  4488 | D:6      | Found an ornate altar of the Wu Jian Council.
  4773 | D:6      | Reached skill level 1 in Evocations
  5591 | D:7      | Found a staircase to the Ecumenical Temple.
  5596 | D:7      | Reached XP level 10. HP: 75/80 MP: 11/11
  5600 | Temple   | Entered the Ecumenical Temple
  5758 | Temple   | Became a worshipper of Warmaster Okawaru
  5870 | D:7      | Noticed Harold
  5892 | D:7      | Killed Harold
  5925 | D:7      | Reached * piety under Okawaru
  6153 | D:7      | Noticed Pikel
  6176 | D:7      | Killed Pikel
  6598 | D:8      | Reached ** piety under Okawaru
  6898 | D:8      | Reached XP level 11. HP: 49/87 MP: 9/14
  7560 | D:9      | Reached skill level 5 in Evocations
  7577 | D:9      | Found a staircase to the Orcish Mines.
  7737 | D:9      | Got a pair of twisted boots
  7743 | D:9      | Identified the +2 pair of boots of Jeduteul {rElec Int+4}
                  | (You found it on level 9 of the Dungeon)
  7755 | D:9      | Reached *** piety under Okawaru
  7755 | D:9      | Reached skill level 5 in Invocations
  7826 | D:9      | Found Avvarae's Antique Armour Shoppe.
  7890 | D:9      | Got a coiled silver ring
  7897 | D:9      | Found a radiant altar of Vehumet.
  7899 | D:9      | Identified the ring "Fudwogab" {+Blink rPois Dex+2 Slay-5
                  | Stlth+} (You found it on level 9 of the Dungeon)
  8241 | D:10     | Entered Level 10 of the Dungeon
  8376 | D:10     | Noticed a two-headed ogre
  8381 | D:10     | Noticed Josephine
  8418 | D:10     | Killed a two-headed ogre
  8418 | D:10     | Received a gift from Okawaru
  8434 | D:10     | Killed Josephine
  8453 | D:10     | Reached **** piety under Okawaru
  8983 | D:10     | Learned a level 3 spell: Regeneration
  8989 | D:10     | Learned a level 5 spell: Borgnjor's Vile Clutch
  9549 | D:11     | Noticed stripedtigrrr's ghost (journeyman MiBe)
  9550 | D:11     | Found a transporter.
  9557 | D:11     | Identified the +4 great mace of Twilight {freeze, +Inv rC+
                  | Int-5}
  9557 | D:11     | Noticed a two-headed ogre
  9557 | D:11     | Noticed a two-headed ogre
  9570 | D:11     | Found a staircase to the Lair.
  9584 | D:11     | Reached XP level 12. HP: 51/97 MP: 8/16
  9587 | D:11     | Reached skill level 10 in Fighting
  9979 | D:11     | Noticed a death knight
  9983 | D:11     | Noticed a death knight
  9986 | D:11     | Killed a death knight
  9986 | D:11     | Reached skill level 10 in Armour
 10007 | D:11     | Killed a death knight
 10014 | D:11     | Reached ***** piety under Okawaru
 10120 | D:11     | Found a transporter.
 10162 | Lair:1   | Entered Level 1 of the Lair of Beasts
 10162 | Lair:1   | Found a runed translucent door.
 10164 | Lair:1   | Noticed TimelessDreamer's ghost (journeyman HuWn)
 10889 | Lair:1   | Received a gift from Okawaru
 11614 | Lair:2   | Reached skill level 10 in Axes
 11614 | Lair:2   | Reached XP level 13. HP: 80/106 MP: 19/19
 11875 | Lair:2   | Got a sapphire morningstar
 11876 | Lair:2   | Identified the +11 morningstar of Law {drain, +Fly rElec}
                  | (You found it on level 2 of the Lair of Beasts)
 12345 | Lair:3   | Found a staircase to the Snake Pit.
 12443 | Lair:3   | Noticed Rupert
 12459 | Lair:3   | Killed Rupert
 12853 | Lair:3   | Reached skill level 10 in Invocations
 12864 | Lair:3   | Found a staircase to the Swamp.
 13306 | Lair:4   | Noticed a six-headed hydra
 13314 | Lair:4   | Killed a six-headed hydra
 13314 | Lair:4   | Received a gift from Okawaru
 13314 | Lair:4   | Reached ****** piety under Okawaru
 13315 | Lair:4   | Got a steaming glaive {god gift}
 13456 | Lair:4   | Identified the +6 glaive of the Egg {chop, rN+ MR+}
                  | (Okawaru gifted it to you on level 4 of the Lair of Beasts)
 13526 | Lair:4   | Noticed a dire elephant
 13547 | Lair:4   | Killed a dire elephant
 13975 | Lair:4   | Reached XP level 14. HP: 78/115 MP: 16/22
 14260 | Lair:4   | Received a gift from Okawaru
 14270 | Lair:4   | Got a spiked ring mail {god gift}
 14281 | Lair:4   | Identified the +0 ring mail of Linih {rPois} (Okawaru
                  | gifted it to you on level 4 of the Lair of Beasts)
 15049 | Lair:5   | Reached skill level 1 in Earth Magic
 15074 | Lair:5   | Found a staircase to the Slime Pits.
 15098 | Lair:5   | Learned a level 1 spell: Apportation
 15113 | Lair:5   | Reached skill level 1 in Spellcasting
 15113 | Lair:5   | Reached skill level 1 in Necromancy
 15115 | Lair:5   | Reached skill level 1 in Charms
 15786 | Lair:6   | Entered Level 6 of the Lair of Beasts
 16485 | Lair:6   | Found a large runed translucent door.
 16485 | Lair:6   | Found a large runed translucent door.
 16631 | Lair:6   | Received a gift from Okawaru
 17104 | Lair:6   | Reached XP level 15. HP: 119/123 MP: 21/23
 17486 | Lair:6   | Received a gift from Okawaru
 17839 | D:12     | Found Nirghounn's General Store.
 17842 | D:12     | Bought a potion of mutation for 112 gold pieces
 17865 | D:12     | Found Emoomm's Magic Scroll Shoppe.
 17880 | D:12     | Found a gate leading to a gauntlet.
 17897 | Gauntlet | Entered a Gauntlet
 17897 | Gauntlet | Found a transporter.
 17909 | Gauntlet | Found a transporter.
 17922 | Gauntlet | Found a transporter.
 17929 | Gauntlet | Found a transporter.
 17949 | Gauntlet | Found a transporter.
 17962 | Gauntlet | Found the amulet of the Four Winds {rN+ MR+++ Clar}
 17962 | Gauntlet | Identified the ring "Ocotono" {*Contam rPois rN++ Dex+5
                  | SInv}
 17963 | Gauntlet | Found a transporter.
 17975 | Gauntlet | Found a transporter.
 17987 | Gauntlet | Found a transporter.
 17993 | Gauntlet | Found a transporter.
 17995 | Gauntlet | Found a transporter.
 18012 | Gauntlet | Found a transporter.
 18020 | Gauntlet | Found a transporter.
 18020 | Gauntlet | Found a transporter.
 18037 | Gauntlet | Found a transporter.
 18043 | Gauntlet | Found a transporter.
 18092 | Gauntlet | Found a transporter.
 18117 | Gauntlet | Found a transporter.
 18141 | Gauntlet | Found a transporter.
 18654 | Gauntlet | Reached XP level 16. HP: 130/130 MP: 24/24
 18685 | Gauntlet | Got a warped glass ring
 18728 | Gauntlet | Identified the ring of Jeoruy {rF+ rC- rCorr Str+10} (You
                  | found it in a Gauntlet)
 18848 | Gauntlet | Got a translucent ring mail
 18859 | Gauntlet | Identified the cursed +1 ring mail of Classification {Str+5
                  | Dex+3} (You found it in a Gauntlet)
 19000 | D:12     | Reached skill level 5 in Earth Magic
 19510 | D:12     | Found a glowing golden altar of the Shining One.
 19657 | D:12     | Found Neonemal's Magic Scroll Emporium.
 19661 | D:12     | Bought a scroll of enchant weapon for 112 gold pieces
 19661 | D:12     | Bought a scroll of magic mapping for 52 gold pieces
 19926 | Orc:1    | Entered Level 1 of the Orcish Mines
 20108 | Orc:1    | Found Uzaffekh's Armour Shoppe.
 20386 | Orc:2    | Entered Level 2 of the Orcish Mines
 20386 | Orc:2    | Found a staircase to the Elven Halls.
 20610 | Orc:2    | Found Pawioly's Magic Scroll Shoppe.
 20694 | Orc:2    | Found Saycluo's Distillery.
 20771 | Orc:2    | Bought a scroll of enchant weapon for 90 gold pieces
 20771 | Orc:2    | Bought a scroll of enchant armour for 90 gold pieces
 20773 | Orc:2    | Bought a potion of heal wounds for 75 gold pieces
 20773 | Orc:2    | Bought a potion of heal wounds for 75 gold pieces
 20773 | Orc:2    | Bought a potion of heal wounds for 75 gold pieces
 20773 | Orc:2    | Bought a potion of mutation for 120 gold pieces
 21209 | Orc:2    | Reached skill level 5 in Necromancy
 21559 | Orc:2    | Reached skill level 5 in Spellcasting
 21590 | Orc:2    | Received a gift from Okawaru
 21787 | Orc:2    | Learned a level 3 spell: Mephitic Cloud
 21806 | Orc:2    | Found Hoipiurua's Antique Armour Boutique.
 21806 | Orc:2    | Found Zyrch's Gadget Shop.
 21806 | Orc:2    | Found a one-way gate leading to the halls of Pandemonium.
 22746 | D:13     | Reached skill level 1 in Poison Magic
 22816 | D:13     | Found a shattered altar of Ashenzari.
 22867 | D:13     | Reached skill level 1 in Conjurations
 23303 | D:13     | Reached skill level 1 in Air Magic
 23516 | D:13     | Reached XP level 17. HP: 108/138 MP: 17/25
 23886 | D:13     | Found a gate to the Vaults.
 24036 | D:13     | HP: 4/138 [freezing wraith[a death knight] (10)]
 24036 | D:13     | Mangled by a freezing wraith

Levels and vault maps discovered:
D:1:      roderic_dead_forest, layout_rooms
D:2:      layout_loops_cross, fedhas_altar_1, first_ration, serial_glass,
          glass_columns_a, glass_columns_a, minmay_strange_pillars, uniq_terence
D:3:      layout_loops_ring, dancing_weapons_uskayaw, uniq_robin,
          uniq_crazy_yiuf_cottage, uniq_purgy
D:4:      layout_basic, tgw_kikubaaqudgha, uniq_edmund
D:5:      cheibrodos_barr_body, layout_rooms, grunt_temple_overflow_open,
          uniq_duvessa
D:6:      layout_gridville, lemuel_crystal_altar
D:7:      layout_gridville, minmay_temple_entry_hall, uniq_harold, uniq_pikel
D:8:      layout_rooms, serial_curves, eino_curves_04, eino_curves_02
D:9:      layout_basic, kennysheep_little_box, orc_0_dummy, serial_shops, shop
D:10:     layout_long_grid, grunt_pizzeria, uniq_josephine
D:11:     minmay_bloctagon_deflated, layout_cave_pools, lair_entry_dummy,
          gammafunk_ghost_smash
D:12:     layout_long_grid, serial_shops, shop_statue, kennysheep_mini_moat,
          nicolae_shop_stone, gauntlet_entry_generic, tso_altar
D:13:     layout_loops_ring, grunt_vaults_entry_fortified, minivault_22,
          evilmike_ruin_ashenzari
D:14:     layout_basic, basic_altar
Temple:   nicolae_temple_figure_eight
Lair:1:   layout_cave_pods, hellmonk_ghost_happy_afterlife,
          gammafunk_lair_bear_cave
Lair:2:   layout_long_grid, minmay_stone_trees_small, st_stairs_5
Lair:3:   layout_regular_city, minmay_swamp_entry_swarm,
          minmay_snake_entry_guardpost_small, nicolae_quartered_pool_super,
          uniq_rupert
Lair:4:   mu_elephants_graveyard, layout_concentric_octagons
Lair:5:   layout_regular_city, slime_dummy, minivault_27, grunt_megastairs_3
Lair:6:   cheibrodos_lair_end_hotspot, layout_regular_city, lemuel_fruit_tree
Orc:1:    layout_caves, serial_shops, shop
Orc:2:    pf_orc_diabolical, layout_diamond_mine

Skill      XL: |  1  2  3  4  5  6  7  8  9 10 11 12 13 14 15 16 17 |
---------------+----------------------------------------------------+-----
Shields        | 4 5 6 7 8 9 |  9.0
Fighting       | 4 5 7 8 9 11 12 13 | 13.8
Axes           | 3 4 6 7 8 10 11 13 | 13.9
Armour         | 4 5 7 8 9 11 12 13 | 13.8
Evocations     | 2 4 6 7 |  7.0
Invocations    | 4 6 8 10 11 | 11.0
Earth Magic    | 4 7 |  7.0
Spellcasting   | 3 5 |  5.0
Necromancy     | 3 5 6 |  6.1
Charms         | 3 |  3.0
Poison Magic   | 2 |  2.7
Conjurations   | 1 |  1.9
Air Magic      | 1 |  1.5

Action                   |  1- 3 |  4- 6 |  7- 9 | 10-12 | 13-15 | 16-18 || total
-------------------------+-------+-------+-------+-------+-------+-------++-------
Melee: War axe           |   117 |   159 |       |       |       |       ||   276
       Quarterstaff      |       |    13 |   268 |   183 |       |       ||   464
       Battleaxe         |       |       |       |   583 |    74 |       ||   657
       Unarmed           |       |       |       |    12 |       |       ||    12
       Morningstar       |       |       |       |       |   545 |   478 ||  1023
 Cast: Regeneration      |       |       |       |       |       |    20 ||    20
       Borgnjor's Vile C |       |       |       |       |       |     8 ||     8
       Mephitic Cloud    |       |       |       |       |       |     5 ||     5
Invok: Heroism           |       |       |       |     4 |     3 |     2 ||     9
 Abil: Dig               |       |       |       |       |     3 |     4 ||     7
Evoke: Wand              |       |       |       |     3 |       |    39 ||    42
       Lamp of fire      |       |       |       |       |     1 |     2 ||     3
  Use: Potion            |     1 |     3 |       |     5 |     6 |     7 ||    22
       Scroll            |       |     6 |     8 |    11 |     4 |     8 ||    37
 Stab: Petrified         |       |       |     3 |       |       |       ||     3
       Paralysed         |       |       |     7 |       |       |       ||     7
       Confused          |       |       |       |     1 |       |     4 ||     5
       Distracted        |       |       |       |       |     1 |       ||     1
       Invisible         |       |       |       |       |     1 |       ||     1
  Eat: Chunk             |     1 |     5 |    10 |    23 |    20 |    19 ||    78
       Ration            |       |       |       |     1 |     1 |     2 ||     4
Armor: Scale mail        |    52 |    67 |    22 |       |       |       ||   141
       Chain mail        |       |       |    99 |       |       |       ||    99
       Plate armour      |       |       |    65 |   452 |   441 |       ||   958
       Skin              |       |       |       |     1 |       |       ||     1
       Ring mail         |       |       |       |       |    23 |   186 ||   209
Dodge: Dodged            |    43 |    56 |    87 |   230 |   191 |   162 ||   769
Block: Shield            |    62 |    92 |   204 |   578 |   494 |   394 ||  1824
